 Dungeon Crawl Stone Soup version 0.29-a0-582-ge82337ba6a (webtiles) character file.

Game seed: 1302377500165275870

1435 happo123 the Ruffian (level 8, -4/75 HPs)
             Began as a Troll Transmuter on June 14, 2022.
             Slain by a lemure (8 damage)
             ... led by Pikel
             ... in the Ecumenical Temple on June 15, 2022.
             The game lasted 00:18:09 (5395 turns).

happo123 the Ruffian (Troll Transmuter)             Turns: 5395, Time: 00:18:10

Health: -4/75      AC:  4    Str: 19    XL:     8   Next: 45%
Magic:  9/10       EV: 10    Int: 17    God:
Gold:   230        SH:  0    Dex: 10    Spells: 9/12 levels left

rFire   . . .      SeeInvis .     - Unarmed
rCold   . . .      Faith    .   (no shield)
rNeg    . . .      Spirit   .   k - +0 robe {Archmagi}
rPois   .          Reflect  .   (helmet currently unavailable)
rElec   .          Harm     .   (no cloak)
rCorr   .          Rampage  .   (gloves unavailable)
Will    +....      Archmagi +   (boots unavailable)
Stlth   +.........              (no amulet)
HPRegen 1.02/turn               t - ring of willpower
MPRegen 0.12/turn               A - +6 ring of intelligence

@: appendages
A: horns 2, talons 2, large, unfitting armour, claws 3, regeneration 1, shaggy
fur 1, tough skin 1
a: End Transformation


You were in the Ecumenical Temple.
You had temporarily grown beastly horns and talons.
You visited 2 branches of the dungeon, and saw 8 of its levels.
You also visited: Ossuary.

You collected 363 gold pieces.
You spent 133 gold pieces at shops.

Inventory:

Armour
 a - a +0 robe
 k - a +0 robe of the Archmagi (worn)
Magical Staves
 i - a staff of fire
Jewellery
 t - a ring of willpower (left claw)
 A - a +6 ring of intelligence (right claw)
Wands
 y - a wand of acid (11)
 E - a wand of polymorph (6)
Scrolls
 c - a scroll of identify
 e - 2 scrolls of immolation {unknown}
 f - 2 scrolls of poison
 g - 3 scrolls of fog {unknown}
 l - 6 scrolls of teleportation
 q - a scroll of enchant weapon
 r - a scroll of enchant armour
 s - a scroll of torment
 u - a scroll of vulnerability
 v - a scroll of blinking
 B - a scroll of summoning {unknown}
 C - 3 scrolls of magic mapping {unknown}
 D - 4 scrolls of noise {unknown}
Potions
 b - 2 potions of lignification
 d - 7 potions of mutation {unknown}
 h - 2 potions of cancellation {unknown}
 j - a potion of magic {unknown}
 m - a potion of haste {unknown}
 n - 2 potions of might {unknown}
 o - 5 potions of curing
 p - a potion of degeneration {unknown}
 w - a potion of invisibility {unknown}
 x - a potion of ambrosia {unknown}
 z - 4 potions of flight {unknown}


   Skills:
 + Level 3.0 Fighting
 + Level 3.2 Dodging
 * Level 6.1 Unarmed Combat
 + Level 2.5 Spellcasting
 * Level 4.2 Transmutations
 + Level 2.5 Ice Magic


You had 9 spell levels left.
You knew the following spells:

 Your Spells              Type           Power      Damage    Failure   Level
a - Beastly Appendage     Tmut           48%        N/A       3%          1
b - Wereblood             Tmut           24%        N/A       4%          2

Your spell library contained the following spells:

 Spells                   Type           Power      Damage    Failure   Level
 Spider Form              Tmut/Pois      14%        N/A       22%         3
 Sublimation of Blood     Necr           3%         N/A       28%         2
 Ice Form                 Ice/Tmut       20%        N/A       41%         4
 Stone Arrow              Conj/Erth      6%         3d7       50%         3
 Petrify                  Tmut/Erth      14%        N/A       58%         4
 Animate Armour           Summ/Erth      6%         N/A       88%         4
 Irradiate                Conj/Tmut      7%         3d15      91%         5
 Lehudib's Crystal Spear  Conj/Erth      1%         10d2      100%        8


Dungeon Overview and Level Annotations

Branches:
Dungeon (7/15)             Temple (1/1) D:7         Ossuary (visited)

Altars:
Ashenzari
Cheibriados
Hepliaklqana
Ru
Trog
Uskayaw
Vehumet
Xom
The Shining One

Shops:
D:3 ?

Annotations:
D:7 Pikel


Innate Abilities, Weirdness & Mutations

You have temporarily grown beastly horns and talons.
You are too large for most types of armour.
You have claws for hands.
Your natural rate of healing is unusually fast.
You are covered in fur. (AC +1)
You have tough skin. (AC +1)


Message History

The centaur shoots an arrow.
The arrow hits you. The lemure hits you.
There is a staircase to the Ecumenical Temple here.
The centaur shoots an arrow.
The arrow closely misses you. The lemure barely misses you.
The lemure hits you.
You climb downwards.
Welcome to the Ecumenical Temple!
Found six altars.
There is a staircase back to the Dungeon here.
Casting: Beastly Appendage (safe; 3% risk of failure)
Press: ? - help, Q - select action, (/) - cycle Dir - look around, f - activate You feel a surge of power!
You grow a pair of large bovine horns.
Your feet morph into talons.
The lemure closely misses you. The lemure hits you.
The lemure hits you but does no damage.
You closely miss the lemure. Your kick misses the lemure.
Your headbutt misses the lemure. Your claw misses the lemure.
The lemure closely misses you. The lemure hits you. x2
You closely miss the lemure. You claw the lemure.
The lemure is lightly wounded.
The lemure hits you. The lemure closely misses you. The lemure hits you.
* * * LOW HITPOINT WARNING * * *
You scratch the lemure but do no damage.
You claw the lemure, but do no damage. Your headbutt misses the lemure.
The lemure is lightly wounded.
You scratch the lemure but do no damage.
Your kick misses the lemure.
The lemure is lightly wounded.
The lemure completely misses you. The lemure barely misses you.
The lemure closely misses you.
You scratch the lemure.
You headbutt the lemure, but do no damage.
The lemure is moderately wounded.
The lemure barely misses you. The lemure hits you!
* * * LOW HITPOINT WARNING * * *
The lemure hits you.
* * * LOW HITPOINT WARNING * * *
The lemure attacks as you move away! The lemure hits you!
* * * LOW HITPOINT WARNING * * *
Found a shimmering altar of Xom and a snail-covered altar of Cheibriados.
The lemure hits you!
You die...

...............
................
................
........_.......
................
.._..........._.
........5.......
........5.......
.......@5.......
...._......._...
................
................
................
........_.......
................
.._..........._


You could see 3 lemures.

Vanquished Creatures
  An ice beast (D:6)
  A black bear (D:4)
  3 phantoms
  2 bullfrogs (D:7)
  2 scorpions
  A necrophage (D:6)
  4 howler monkeys
  A hound (D:4)
  2 human zombies (Ossuary)
  3 iguanas
  Natasha (thrice) (D:2)
  2 orc wizards
  4 mummies (Ossuary)
  3 gnolls (D:4)
  9 adders
  2 white imps
  2 ufetubi
  2 adder zombies (Ossuary)
  3 worms (D:3)
  A dart slug (D:1)
  15 orcs
  6 endoplasms
  A giant cockroach (D:3)
  7 goblins
  5 hobgoblins
  6 jackals
  2 quokkas
  2 ball pythons
  5 bats
  A gnoll zombie (Ossuary)
  2 goblin zombies (Ossuary)
  3 jackal zombies (Ossuary)
  4 kobolds
  2 kobold zombies (Ossuary)
  A quokka zombie (D:5)
  3 rats
  A rat zombie (D:5)
117 creatures vanquished.

Vanquished Creatures (others)
  A plant (D:1)
  4 withered plants (D:1)
5 creatures vanquished.

Grand Total: 122 creatures vanquished

Notes
Turn   | Place    | Note
-------+----------+-------------------------------------------
     0 | D:1      | happo123 the Troll Transmuter began the quest for the Orb.
     0 | D:1      | Reached XP level 1. HP: 18/18 MP: 1/1
    30 | D:1      | Reached XP level 2. HP: 26/26 MP: 2/2
   243 | D:1      | Found a faded altar of an unknown god.
   375 | D:1      | Reached skill level 1 in Fighting
   851 | D:2      | Learned a level 2 spell: Wereblood
   907 | D:2      | Reached XP level 3. HP: 33/33 MP: 4/4
   971 | D:2      | Noticed Natasha
   977 | D:2      | Killed Natasha
   978 | D:2      | Reached XP level 4. HP: 41/41 MP: 2/5
  1275 | D:2      | Noticed Natasha
  1287 | D:2      | Killed Natasha
  1668 | D:2      | Noticed Natasha
  1677 | D:2      | Killed Natasha
  1879 | D:3      | Found Cimn's Magic Scroll Emporium.
  1888 | D:3      | Bought a scroll of identify for 28 gold pieces
  1929 | D:3      | Reached skill level 1 in Ice Magic
  1929 | D:3      | Reached XP level 5. HP: 45/48 MP: 2/6
  2057 | D:3      | Found a bloodstained altar of Trog.
  2062 | D:3      | Reached skill level 4 in Unarmed Combat
  2598 | D:4      | Reached XP level 6. HP: 51/57 MP: 4/7
  2904 | D:4      | Reached XP level 7. HP: 65/65 MP: 9/9
  3234 | D:3      | Bought a scroll of blinking for 105 gold pieces
  3264 | D:5      | Entered Level 5 of the Dungeon
  3476 | D:5      | Reached skill level 5 in Unarmed Combat
  3711 | D:5      | Found a sand-covered staircase.
  3722 | Ossuary  | Entered an ossuary
  4786 | D:6      | Reached XP level 8. HP: 63/74 MP: 8/10
  5279 | D:7      | Reached skill level 6 in Unarmed Combat
  5379 | D:7      | Found a staircase to the Ecumenical Temple.
  5383 | D:7      | Noticed Pikel
  5388 | Temple   | Entered the Ecumenical Temple
  5395 | Temple   | HP: 3/75 [lemure[Pikel] (8)]
  5395 | Temple   | Slain by a lemure

Illustrated notes

Levels and vault maps discovered:
D:1:      amcnicky_arrival_wind_blow, layout_basic,
          shapermc_ecumenical_altar_flowoftime, dreamdust_princess_bridge
D:2:      layout_basic, minmay_misc_feat_roman, uniq_natasha
D:3:      layout_basic, lightli_temple_of_fire, serial_shops,
          nicolae_shop_statue_plus, serial_bayou_pond_e
D:4:      layout_loops_ring, minmay_misc_feat_five
D:5:      layout_basic, enter_ossuary_4
D:6:      layout_loops_corners
D:7:      cheibrodos_steamvent, layout_loops_cross, minmay_temple_entry_glass,
          mrwooster_statue_mirror, uniq_pikel, uniq_menkaure, uniq_maggie
Temple:   compressed_dpeg_triangle_lava_temple

Skill      XL: |  1  2  3  4  5  6  7  8 |
---------------+-------------------------+-----
Fighting       | 1 2 3 |  3.0
Dodging        | 2 3 |  3.2
Transmutations | 2 3 4 |  4.2
Ice Magic      | 1 2 |  2.5
Unarmed Combat | 4 5 6 |  6.1
Spellcasting   | 2 |  2.5

Action                   |  1- 3 |  4- 6 |  7- 9 || total
-------------------------+-------+-------+-------++-------
Melee: Unarmed           |    61 |   109 |   130 ||   300
       Headbutt          |     3 |     5 |    11 ||    19
       Kick              |     3 |    11 |    23 ||    37
       Punch             |     2 |     1 |     4 ||     7
 Cast: Beastly Appendage |     5 |    10 |    23 ||    38
       Wereblood         |       |     3 |     2 ||     5
  Use: Scroll            |       |     1 |     6 ||     7
 Stab: Sleeping          |     1 |     1 |       ||     2
Armor: Robe              |    19 |    31 |    50 ||   100
Dodge: Dodged            |    25 |    41 |    98 ||   164

Table legend: (Time is in decaauts)
 A = Elapsed time spent in this place.
 B = Non-inter-level travel time spent in this place.
 C = Inter-level travel time spent in this place.
 D = Time resting spent in this place.
 E = Time spent auto-exploring this place.
 F = Levels seen in this place.
 G = Mean time per level.
                   A        B        C        D        E       F      G
               +--------+--------+--------+--------+--------+-----+--------+
         Total |   5376 |   4889 |    487 |      0 |   3899 |   9 |  597.3 |
       Dungeon |   5182 |   4695 |    487 |      0 |   3899 |   7 |  740.3 |
        Temple |      6 |      6 |      0 |      0 |      0 |   1 |    6.0 |
       Ossuary |    188 |    188 |      0 |      0 |      0 |   1 |  188.0 |
               +--------+--------+--------+--------+--------+-----+--------+

Top non-repeatable levels by time:
     D:2: 972 daAuts
     D:5: 857 daAuts
     D:1: 844 daAuts
     D:4: 817 daAuts
     D:6: 801 daAuts
     D:3: 626 daAuts
     D:7: 263 daAuts
 Ossuary: 188 daAuts
  Temple: 6 daAuts
